MLB
HOUSTON ASTROS @ MINNESOTA TWINS
04/29/2019
 
TOP OF THE 1ST
Houston Astros batting - Pitching for Minnesota Twins : RHP Nick Pivetta
Pitching: RHP Nick Pivetta
Batting: LHB Colin Moran 0-0: Ball
1-0: Ball
2-0: Foul Ball, location: 2F
2-1: Fly out, F7 (Flyball, 7, EV 95.6 MPH)
Batting: LHB Bradley Zimmer 0-0: Called Strike
0-1: Swinging Strike
0-2: Ball
1-2: Strikes out swinging
Batting: LHB Dominic Smith 0-0: Ball
1-0: Ball
2-0: Swinging Strike
2-1: Foul Ball, location: 2F
2-2: Foul Ball, location: 2F
2-2: Ball
3-2: Foul Ball, location: 2F
3-2: Base on Balls
Batting: LHB Jason Heyward 0-0: Called Strike
0-1: Ball
1-1: Fly out, F2 (Popup, 13S, EV 87.5 MPH)
Top of the 1st over - 0 runs, 0 hits, 0 errors, 1 left on base; Houston 0 - Minnesota 0
BOTTOM OF THE 1ST
Minnesota Twins batting - Pitching for Houston Astros : LHP Robbie Ray
Pitching: LHP Robbie Ray
Batting: LHB Nolan Fontana 0-0: Ball
1-0: Ball
2-0: Ball
3-0: Called Strike
3-1: Base on Balls
Batting: LHB Jay Bruce 0-0: Ball
1-0: Called Strike
1-1: Swinging Strike
1-2: Ball
2-2: Ball
3-2: Strikes out swinging
Batting: RHB Chris Iannetta 0-0: Foul Ball, location: 2F
0-1: Ball
1-1: Fly out, F9 (Flyball, 89M, EV 95.0 MPH)
Batting: LHB Freddie Freeman 0-0: Foul Ball, location: 2F
0-1: Called Strike
0-2: Foul Ball, location: 2F
0-2: Ball
Nolan Fontana is caught stealing 2nd base 2-6
Bottom of the 1st over - 0 runs, 0 hits, 0 errors, 0 left on base; Houston 0 - Minnesota 0
TOP OF THE 2ND
Houston Astros batting - Pitching for Minnesota Twins : RHP Nick Pivetta
Batting: SHB Ben Zobrist 0-0: Called Strike
0-1: Ball
1-1: Ball
2-1: Ball
3-1: SINGLE (Line Drive, 89M, EV 101.3 MPH)
Batting: RHB Trey Mancini 0-0: Ball
1-0: Foul Ball, location: 2F
1-1: Ball
2-1: Called Strike
2-2: Strikes out swinging
Batting: RHB Jorge Bonifacio 0-0: Ball
1-0: Ball
2-0: Ball
3-0: Base on Balls
Ben Zobrist to second
Batting: SHB Jorge Polanco 0-0: DOUBLE (Line Drive, 89XD, EV 103.8 MPH)
Ben Zobrist scores
Jorge Bonifacio to third
Batting: SHB Tucker Barnhart 0-0: Foul Ball, location: 2F
0-1: Ball
1-1: Ball
2-1: SINGLE (Groundball, 3D, EV 108.1 MPH)
Jorge Bonifacio scores
Jorge Polanco to third
Batting: LHB Colin Moran 0-0: Ball
1-0: Ball
2-0: Called Strike
2-1: Swinging Strike
2-2: Strikes out swinging
Batting: LHB Bradley Zimmer 0-0: Ball
1-0: Foul Ball, location: 2F
1-1: SINGLE (Groundball, 34D, EV 95.6 MPH)
Jorge Polanco scores
Tucker Barnhart to second
Runner from 2nd tries for 3rd, SAFE, no throw by RF
Batting: LHB Dominic Smith 0-0: Ball
1-0: Fly out, F8 (Flyball, 89D, EV 91.9 MPH)
Top of the 2nd over - 3 runs, 4 hits, 0 errors, 2 left on base; Houston 3 - Minnesota 0
BOTTOM OF THE 2ND
Minnesota Twins batting - Pitching for Houston Astros : LHP Robbie Ray
Batting: LHB Freddie Freeman 0-0: Called Strike
0-1: Foul Ball, location: 2F
0-2: Strikes out swinging
Batting: RHB Avisail Garcia 0-0: Ground out 6-3 (Groundball, 6, EV 81.9 MPH)
Batting: RHB Adam Jones 0-0: DOUBLE (Flyball, 8LXD, EV 98.8 MPH)
Batting: RHB Maikel Franco 0-0: Fly out, F8 (Flyball, 8RM, EV 89.4 MPH)
Bottom of the 2nd over - 0 runs, 1 hit, 0 errors, 1 left on base; Houston 3 - Minnesota 0
TOP OF THE 3RD
Houston Astros batting - Pitching for Minnesota Twins : RHP Nick Pivetta
Batting: LHB Jason Heyward 0-0: Ball
1-0: Ball
2-0: Ball
3-0: Called Strike
3-1: Called Strike
3-2: Foul Ball, location: 2F
3-2: Foul Ball, location: 2F
3-2: Ground out U3 (Groundball, 3S, EV 85.0 MPH)
Batting: SHB Ben Zobrist 0-0: Ball
1-0: Swinging Strike
1-1: Swinging Strike
1-2: Foul Ball, location: 2F
1-2: Ball
2-2: Foul Ball, location: 2F
2-2: Foul Ball, location: 2F
2-2: Ball
3-2: Fly out, F9 (Line Drive, 9, EV 89.4 MPH)
Batting: RHB Trey Mancini 0-0: Ball
1-0: Ball
2-0: Called Strike
2-1: Ball
3-1: Fly out, F5 (Popup, 5F, EV 69.4 MPH)
Top of the 3rd over - 0 runs, 0 hits, 0 errors, 0 left on base; Houston 3 - Minnesota 0
BOTTOM OF THE 3RD
Minnesota Twins batting - Pitching for Houston Astros : LHP Robbie Ray
Batting: LHB Zach Borenstein 0-0: Called Strike
0-1: Ball
1-1: Called Strike
1-2: Foul Ball, location: 2F
1-2: Strikes out swinging
Batting: RHB Miguel Rojas 0-0: Ball
1-0: Ground out 4-3 (Groundball, 4, EV 85.0 MPH)
Batting: LHB Nolan Fontana 0-0: Called Strike
0-1: SINGLE (Line Drive, 6D, EV 96.9 MPH)
Batting: LHB Jay Bruce 0-0: Foul Ball, location: 2F
0-1: Called Strike
0-2: Fly out, F8 (Flyball, 8LS, EV 73.8 MPH)
Bottom of the 3rd over - 0 runs, 1 hit, 0 errors, 1 left on base; Houston 3 - Minnesota 0
TOP OF THE 4TH
Houston Astros batting - Pitching for Minnesota Twins : RHP Nick Pivetta
Batting: RHB Jorge Bonifacio 0-0: SINGLE (Line Drive, 7S, EV 93.1 MPH)
Batting: SHB Jorge Polanco 0-0: Fly out, F4 (Popup, 23, EV 86.9 MPH)
Batting: SHB Tucker Barnhart 0-0: Ball
1-0: Ball
2-0: Foul Ball, location: 2F
2-1: Foul Ball, location: 2F
2-2: Ball
Jorge Bonifacio steals 2nd base
3-2: Fly out, F7 (Flyball, 7S, EV 88.1 MPH)
Batting: LHB Colin Moran 0-0: Called Strike
0-1: Called Strike
0-2: Foul Ball, location: 2F
0-2: Ball
1-2: SINGLE (Line Drive, 78S, EV 102.5 MPH)
Jorge Bonifacio to third
Batting: LHB Bradley Zimmer 0-0: Foul Ball, location: 2F
0-1: Called Strike
0-2: Ball
1-2: Foul Ball, location: 2F
1-2: Ball
2-2: Foul Ball, location: 2F
2-2: Foul Ball, location: 2F
2-2: 3-RUN HOME RUN (Flyball, 89XD, EV 96.9 MPH), Distance : 409 ft
Pitching: RHP Shawn Kelley
Batting: LHB Dominic Smith 0-0: Called Strike
0-1: Called Strike
0-2: Strikes out swinging
Top of the 4th over - 3 runs, 3 hits, 0 errors, 0 left on base; Houston 6 - Minnesota 0
BOTTOM OF THE 4TH
Minnesota Twins batting - Pitching for Houston Astros : LHP Robbie Ray
Batting: RHB Chris Iannetta 0-0: Called Strike
0-1: Ball
1-1: Ball
2-1: Foul Ball, location: 2F
2-2: Ball
3-2: SINGLE (Line Drive, 89S, EV 110.0 MPH)
Batting: LHB Freddie Freeman 0-0: SINGLE (Popup, 3D, EV 68.1 MPH)
Chris Iannetta to second
Batting: RHB Avisail Garcia 0-0: Swinging Strike
0-1: Called Strike
0-2: Strikes out looking
Batting: RHB Adam Jones 0-0: Ball
1-0: Foul Ball, location: 2F
1-1: Foul Ball, location: 2F
1-2: Fly out, F8 (Flyball, 89D, EV 78.8 MPH)
Runner from 2nd tags up, SAFE at 3rd with throw by CF
Batting: RHB Maikel Franco 0-0: SINGLE (Groundball, 5D, EV 93.8 MPH)
Chris Iannetta scores
Freddie Freeman to second
Batting: LHB Zach Borenstein 0-0: Foul Ball, location: 2F
0-1: Ball
1-1: Ball
2-1: Foul Ball, location: 2F
2-2: Foul Ball, location: 2F
2-2: Ball
3-2: Base on Balls
Freddie Freeman to third
Maikel Franco to second
Batting: RHB Miguel Rojas 0-0: Ball
1-0: Ball
2-0: Fly out, F7 (Line Drive, 7, EV 98.8 MPH)
Bottom of the 4th over - 1 run, 3 hits, 0 errors, 3 left on base; Houston 6 - Minnesota 1
TOP OF THE 5TH
Houston Astros batting - Pitching for Minnesota Twins : RHP Shawn Kelley
Batting: LHB Jason Heyward 0-0: Called Strike
0-1: Ball
1-1: Ball
2-1: Foul Ball, location: 2F
2-2: DOUBLE (Flyball, 89XD, EV 93.1 MPH)
Batting: SHB Ben Zobrist 0-0: Ball
1-0: Ball
2-0: Ball
3-0: Base on Balls
Batting: RHB Trey Mancini 0-0: Foul Ball, location: 2F
0-1: Ball
1-1: Ball
2-1: Called Strike
2-2: Ball
3-2: Strikes out looking
Batting: RHB Jorge Bonifacio 0-0: Called Strike
0-1: Ball
1-1: Swinging Strike
1-2: Ball
2-2: Strikes out swinging
Batting: SHB Jorge Polanco 0-0: Foul Ball, location: 2F
0-1: Foul Ball, location: 2F
0-2: Foul Ball, location: 2F
0-2: Ball
1-2: Ball
2-2: 3-RUN HOME RUN (Flyball, 9LD, EV 110.0 MPH), Distance : 356 ft
Batting: SHB Tucker Barnhart 0-0: Foul Ball, location: 2F
0-1: Ball
1-1: Foul Ball, location: 2F
1-2: Ball
2-2: Ball
3-2: Foul Ball, location: 2F
3-2: Foul Ball, location: 2F
3-2: SINGLE (Groundball, 4D, EV 100.6 MPH)
Pitching: LHP Wandy Peralta
Batting: LHB Colin Moran 0-0: Ball
1-0: Ball
2-0: Ball
Wild Pitch!
Tucker Barnhart to second
3-0: Called Strike
3-1: Base on Balls
Batting: LHB Bradley Zimmer 0-0: Ball
1-0: Called Strike
1-1: Ball
2-1: Foul Ball, location: 2F
2-2: Ball
3-2: Base on Balls
Tucker Barnhart to third
Colin Moran to second
Batting: LHB Dominic Smith 0-0: Called Strike
0-1: Called Strike
0-2: Strikes out looking
Top of the 5th over - 3 runs, 3 hits, 0 errors, 3 left on base; Houston 9 - Minnesota 1
BOTTOM OF THE 5TH
Minnesota Twins batting - Pitching for Houston Astros : LHP Robbie Ray
Batting: LHB Nolan Fontana 0-0: Called Strike
0-1: Swinging Strike
0-2: Ball
1-2: Ground out 3-1 (Groundball, 34S, EV 85.6 MPH)
Batting: LHB Jay Bruce 0-0: Ball
1-0: Swinging Strike
1-1: Called Strike
1-2: Ball
2-2: Strikes out looking
Batting: RHB Chris Iannetta 0-0: Called Strike
0-1: DOUBLE (Flyball, 89XD, EV 107.5 MPH)
Batting: LHB Freddie Freeman 0-0: Called Strike
0-1: Ball
1-1: Foul Ball, location: 2F
1-2: 2-RUN HOME RUN (Flyball, 9D, EV 96.3 MPH), Distance : 397 ft
Batting: RHB Avisail Garcia 0-0: Foul Ball, location: 2F
0-1: Ball
1-1: Foul Ball, location: 2F
1-2: Ball
2-2: SINGLE (Groundball, 6D, EV 98.8 MPH)
Batting: RHB Adam Jones 0-0: Foul Ball, location: 2F
0-1: Ball
1-1: Called Strike
1-2: Ball
2-2: Fly out, F8 (Line Drive, 8RD, EV 97.5 MPH)
Bottom of the 5th over - 2 runs, 3 hits, 0 errors, 1 left on base; Houston 9 - Minnesota 3
TOP OF THE 6TH
Houston Astros batting - Pitching for Minnesota Twins : LHP Wandy Peralta
Batting: LHB Jason Heyward 0-0: Called Strike
0-1: Ball
1-1: Foul Ball, location: 2F
1-2: Ball
2-2: Ball
3-2: Strikes out swinging
Batting: SHB Ben Zobrist 0-0: Foul Ball, location: 2F
0-1: Swinging Strike
0-2: Ground out 6-3 (Groundball, 6S, EV 79.4 MPH)
Batting: RHB Trey Mancini 0-0: Swinging Strike
0-1: Swinging Strike
0-2: Strikes out looking
Top of the 6th over - 0 runs, 0 hits, 0 errors, 0 left on base; Houston 9 - Minnesota 3
BOTTOM OF THE 6TH
Minnesota Twins batting - Pitching for Houston Astros : LHP Robbie Ray
Batting: RHB Maikel Franco 0-0: Fly out, F7 (Flyball, 7LM, EV 91.9 MPH)
Batting: LHB Zach Borenstein 0-0: Called Strike
0-1: Ball
1-1: Called Strike
1-2: Foul Ball, location: 2F
1-2: Ball
2-2: Foul Ball, location: 2F
2-2: Strikes out swinging
Batting: RHB Miguel Rojas 0-0: Ball
1-0: DOUBLE (Line Drive, 89D, EV 98.8 MPH)
Batting: LHB Nolan Fontana 0-0: Called Strike
0-1: Ball
1-1: DOUBLE (Flyball, 8RD, EV 103.1 MPH)
Miguel Rojas scores
Pitching: LHP Jairo Labourt
Batting: LHB Jay Bruce 0-0: Fly out, F9 (Flyball, 9D, EV 98.8 MPH)
Bottom of the 6th over - 1 run, 2 hits, 0 errors, 1 left on base; Houston 9 - Minnesota 4
TOP OF THE 7TH
Houston Astros batting - Pitching for Minnesota Twins : LHP Wandy Peralta
Batting: RHB Jorge Bonifacio 0-0: Ball
1-0: Called Strike
1-1: Called Strike
1-2: Strikes out swinging
Batting: SHB Jorge Polanco 0-0: Ball
1-0: Ball
2-0: Ball
3-0: Called Strike
3-1: Base on Balls
Pitching: RHP Trey Wingenter
Batting: SHB Tucker Barnhart 0-0: Called Strike
0-1: Swinging Strike
0-2: SINGLE (Line Drive, 8LS, EV 101.3 MPH)
Jorge Polanco to second
Batting: LHB Colin Moran 0-0: Ball
1-0: Fly out, F9 (Flyball, 9S, EV 91.3 MPH)
Batting: LHB Bradley Zimmer 0-0: Ball
1-0: Ball
2-0: Called Strike
2-1: SINGLE (Line Drive, 6D, EV 98.8 MPH)
Jorge Polanco to third
Tucker Barnhart to second
Runner from 3rd tries for Home, SAFE, throw by CF to home
Batting: LHB Dominic Smith 0-0: Ball
1-0: Ball
2-0: Called Strike
2-1: Ball
3-1: Swinging Strike
3-2: Foul Ball, location: 2F
3-2: Strikes out swinging
Top of the 7th over - 1 run, 2 hits, 0 errors, 2 left on base; Houston 10 - Minnesota 4
BOTTOM OF THE 7TH
Minnesota Twins batting - Pitching for Houston Astros : LHP Jairo Labourt
Batting: RHB Chris Iannetta 0-0: Ball
1-0: Swinging Strike
1-1: Swinging Strike
1-2: Ball
2-2: Strikes out swinging
Batting: LHB Freddie Freeman 0-0: Ground out 4-3 (Groundball, 34, EV 96.9 MPH)
Batting: RHB Avisail Garcia 0-0: Ball
1-0: Ball
2-0: Called Strike
2-1: Ground out 5-3 (Groundball, 56S, EV 83.1 MPH)
Bottom of the 7th over - 0 runs, 0 hits, 0 errors, 0 left on base; Houston 10 - Minnesota 4
TOP OF THE 8TH
Houston Astros batting - Pitching for Minnesota Twins : RHP Trey Wingenter
Batting: LHB Jason Heyward 0-0: Foul Ball, location: 2F
0-1: Foul Ball, location: 2F
0-2: Ball
1-2: Ball
2-2: Ground out 6-3 (Groundball, 4M, EV 86.3 MPH)
Pitching: RHP Joe Kelly
Batting: SHB Ben Zobrist 0-0: Called Strike
0-1: Foul Ball, location: 2F
0-2: Ball
1-2: Ground out 2-3 (Groundball, 2L, EV 65.6 MPH)
Batting: RHB Trey Mancini 0-0: Ball
1-0: Called Strike
1-1: Ball
2-1: Ball
3-1: Base on Balls
Batting: RHB Jorge Bonifacio 0-0: Called Strike
0-1: Ball
1-1: Foul Ball, location: 2F
1-2: Ball
2-2: Foul Ball, location: 2F
2-2: Strikes out swinging
Top of the 8th over - 0 runs, 0 hits, 0 errors, 1 left on base; Houston 10 - Minnesota 4
BOTTOM OF THE 8TH
Minnesota Twins batting - Pitching for Houston Astros : LHP Jairo Labourt
Batting: RHB Adam Jones 0-0: Ball
1-0: Foul Ball, location: 2F
1-1: Foul Ball, location: 2F
1-2: Ball
2-2: Strikes out looking
Batting: RHB Maikel Franco 0-0: Swinging Strike
0-1: Ground out 6-3 (Groundball, 6, EV 109.4 MPH)
Batting: LHB Zach Borenstein 0-0: Swinging Strike
0-1: Foul Ball, location: 2F
0-2: Ball
1-2: Ball
2-2: SINGLE (Groundball, 34D, EV 95.6 MPH)
Pitching: RHP Jose A. Ramirez
Batting: RHB Miguel Rojas 0-0: Ball
1-0: Called Strike
1-1: Ball
2-1: Ball
3-1: Base on Balls
Zach Borenstein to second
Batting: LHB Nolan Fontana 0-0: Foul Ball, location: 2F
0-1: Ball
1-1: Swinging Strike
1-2: Strikes out swinging
Bottom of the 8th over - 0 runs, 1 hit, 0 errors, 2 left on base; Houston 10 - Minnesota 4
TOP OF THE 9TH
Houston Astros batting - Pitching for Minnesota Twins : RHP Joe Kelly
Batting: SHB Jorge Polanco 0-0: Ball
1-0: SOLO HOME RUN (Flyball, 9LD, EV 98.1 MPH), Distance : 341 ft
Batting: SHB Tucker Barnhart 0-0: Ball
1-0: Ball
2-0: Foul Ball, location: 2F
2-1: Ball
3-1: Base on Balls
Pitching: RHP Victor Arano
Batting: LHB Colin Moran 0-0: Called Strike
0-1: Foul Ball, location: 2F
0-2: Ball
1-2: Foul Ball, location: 2F
1-2: Grounds into double play, 4-6-3 (Groundball, 4, EV 98.1 MPH)
Batting: LHB Bradley Zimmer 0-0: Ball
1-0: Called Strike
1-1: SINGLE (Line Drive, 8RS, EV 96.3 MPH)
Batting: LHB Dominic Smith 0-0: Ball
Bradley Zimmer steals 2nd base
1-0: Ball
2-0: Called Strike
2-1: Ground out 5-3 (Groundball, 6S, EV 70.0 MPH)
Top of the 9th over - 1 run, 2 hits, 0 errors, 1 left on base; Houston 11 - Minnesota 4
BOTTOM OF THE 9TH
Minnesota Twins batting - Pitching for Houston Astros : RHP Jose A. Ramirez
Batting: LHB Jay Bruce 0-0: SINGLE (Groundball, 4MD, EV 101.3 MPH)
Pinch Hitting: RHB Roberto Perez 0-0: Called Strike
0-1: Foul Ball, location: 2F
0-2: Foul Ball, location: 2F
0-2: Ball
1-2: Ball
2-2: Foul Ball, location: 2F
2-2: Strikes out swinging
Batting: LHB Freddie Freeman 0-0: Ball
1-0: Foul Ball, location: 2F
1-1: Ball
2-1: Ball
3-1: Foul Ball, location: 2F
3-2: Foul Ball, location: 2F
3-2: Foul Ball, location: 2F
3-2: Grounds into double play, 4-6-3 (Groundball, 4, EV 109.4 MPH)
Bottom of the 9th over - 0 runs, 1 hit, 0 errors, 0 left on base; Houston 11 - Minnesota 4
Thursday, August 1st, 2019 - OOTP Baseball 20.6 Build 54